 Dungeon Crawl Stone Soup version 0.30-a0-329-g85436e0a43 (webtiles) character file.

Game seed: 9111995777813918545

1 themarg the Sneak (level 1, -8/18 HPs)
             Began as a Human Delver on Oct 28, 2022.
             Mangled by a gnoll
             ... wielding a +0 halberd of protection
              (16 damage)
             ... on level 4 of the Dungeon.
             The game lasted 00:02:33 (241 turns).

themarg the Sneak (Human Delver)                     Turns: 241, Time: 00:02:33

Health: -8/18      AC:  3    Str: 12    XL:     1   Next: 22%
Magic:  1/1        EV: 12    Int: 10    God:
Gold:   13         SH:  0    Dex: 14    Spells: 0/0 levels left

rFire   . . .      SeeInvis .    a - +0 short sword
rCold   . . .      Faith    .    (no shield)
rNeg    . . .      Spirit   .    b - +0 leather armour
rPois   .          Reflect  .    (no helmet)
rElec   .          Harm     .    (no cloak)
rCorr   .          Rampage  .    (no gloves)
Will    .....                    (no boots)
Stlth   +++.......               (no amulet)
HPRegen 0.23/turn                (no ring)
MPRegen 0.07/turn                (no ring)

@: hasted, very quick
A: no striking features
a: no special abilities


You were on level 4 of the Dungeon.
You visited 1 branch of the dungeon, and saw 2 of its levels.

You collected 13 gold pieces.

Inventory:

Hand Weapons
 a - a +0 short sword (weapon)
Armour
 b - a +0 leather armour (worn)
Wands
 g - a wand of digging (3)
Scrolls
 c - a scroll of fog
 d - a scroll of magic mapping
 e - a scroll of fear
 h - a scroll of identify {unknown}


   Skills:
 + Level 3.0 Fighting
 + Level 2.0 Short Blades
 + Level 2.0 Dodging
 + Level 5.0 Stealth


You couldn't memorise any spells.
You didn't know any spells.
Your spell library was empty.

Dungeon Overview and Level Annotations

Branches:
Dungeon (5/15)             Temple (0/1) D:4

Altars:

Annotations:
D:5 exclusions: 2 jellies and scorpion


Message History

Found a stone staircase leading up.
Found an escape hatch in the ceiling.
Found a stone staircase leading down.
There is a stone staircase leading up here.
You climb upwards.
There is a stone staircase leading down here.
Found a leather armour.
A giant cockroach comes into view.
Found a scroll of magic mapping.
Found a scroll labelled QONAMULYSA.
You hit the giant cockroach.
The giant cockroach is severely wounded.
The giant cockroach closely misses you.
You hit the giant cockroach.
You kill the giant cockroach!
Found 13 gold pieces.
d - 2 scrolls of magic mapping (gained 1)
h - a scroll labelled QONAMULYSA You now have 13 gold pieces.
As you read the scroll of magic mapping, it crumbles to dust.
You feel aware of your surroundings.
A hobgoblin comes into view.
A gnoll comes into view. It is wielding a +0 flail.
Found a scratched jade ring.
Found a staircase to the Ecumenical Temple.
A gnoll comes into view.
It is wielding a +0 halberd of protection.
A quokka comes into view.
Found 5 boomerangs.
Found 13 gold pieces.
Found a robe.
You hit the gnoll but do no damage. The gnoll closely misses you.
You hit the gnoll but do no damage. Your punch misses the gnoll.
The gnoll completely misses you.
You barely miss the gnoll. The gnoll closely misses you.
You hit the gnoll but do no damage.
The gnoll hits you with a +0 halberd of protection!
Ouch! That really hurt!
You feel yourself speed up.
The gnoll hits you with a +0 halberd of protection!
Ouch! That really hurt!
You die...

*,⌠.=>..⌠.......#...#,,,,,,,,,
*,,.....g.#...#.....##,,,,,***
***#...#####g.........,,,,,,*
#.⌠.* #............,,,,,,*
#..$####....##.....,,,,,***
##r........###.....,,,,,,**
*########.........,,,,,,,,
##g...#.##*,,,,**, #@##.(#**
****,,** **#.#*....#***,,,,,*
**,[..,,.....,,,,**,,
*,.....,.....,,,,***,
***.......*...#**,** *,
*,.....######.# *** **
*##..### *** * #.#* * ***


You could see a gnoll.

Vanquished Creatures
  A giant cockroach (D:4)
1 creature vanquished.

Notes
Turn   | Place    | Note
-------+----------+-------------------------------------------
     0 | D:5      | themarg the Human Delver began the quest for the Orb.
     0 | D:5      | Reached XP level 1. HP: 18/18 MP: 1/1
    37 | D:5      | Noticed a jelly
    62 | D:5      | Noticed a scorpion
    98 | D:5      | Noticed a jelly
   222 | D:4      | Found a staircase to the Ecumenical Temple.
   241 | D:4      | Mangled by a gnoll

Illustrated notes

Levels and vault maps discovered:
D:4:      layout_cave_pools, minmay_temple_entry_junction
D:5:      layout_basic, okawaru_ov_weapons_minmay, uniq_menkaure

Action                   || total
-------------------------++-------
Melee: Short sword       ||     6
  Use: Scroll            ||     1
       Potion            ||     1
Dodge: Dodged            ||     4

Table legend: (Time is in decaauts)
 A = Elapsed time spent in this place.
 B = Non-inter-level travel time spent in this place.
 C = Inter-level travel time spent in this place.
 D = Time resting spent in this place.
 E = Time spent auto-exploring this place.
 F = Levels seen in this place.
 G = Mean time per level.
                   A        B        C        D        E       F      G
               +--------+--------+--------+--------+--------+-----+--------+
         Total |    240 |    240 |      0 |      0 |      0 |   2 |  120.0 |
       Dungeon |    240 |    240 |      0 |      0 |      0 |   2 |  120.0 |
               +--------+--------+--------+--------+--------+-----+--------+

Top non-repeatable levels by time:
     D:5: 168 daAuts
     D:4: 72 daAuts
